 Dungeon Crawl Stone Soup version 0.31.0-11-ge490571c62 (webtiles) character file.

Game seed: 407200899032060263

126 qw the Ducker (level 4, -3/22 HPs)
             Began as a Spriggan Hunter on Feb 4, 2024.
             Slain by Ijyb
             ... wielding a +0 club
              (5 damage)
             ... on level 3 of the Dungeon.
             The game lasted 00:00:06 (1369 turns).

qw the Ducker (Spriggan Hunter)                     Turns: 1369, Time: 00:00:07

Health: -3/22      AC:  2    Str:  7    XL:     4   Next: 84%
Magic:  5/5        EV: 20    Int: 10    God:
Gold:   151        SH:  0    Dex: 20    Spells: 3/3 levels left

rFire   . . .        a - +2 shortbow
rCold   . . .        (shield currently unavailable)
rNeg    . . .        c - +0 robe
rPois   .            (helmet restricted)
rElec   .            (no cloak)
rCorr   .            (gloves unavailable)
SInv    +            (boots unavailable)
Will    .....        (no amulet)
Stlth   ++           (no ring)
HPRegen 0.23/turn    (no ring)
MPRegen 0.09/turn

%: no passive effects
@: very quick
A: very small, no large weapons, unfitting armour, see invisible, speed 3
a: no special abilities


You were on level 3 of the Dungeon.
You visited 1 branch of the dungeon, and saw 3 of its levels.

You collected 151 gold pieces.


Innate Abilities, Weirdness & Mutations

You are very small and have problems with some larger weapons.
You are too small for most types of armour.
You have supernaturally acute eyesight. (SInv)
You cover ground extremely quickly. (Speed+++)


   Skills:
 + Level 1.6 Fighting
 - Level 5.0 Ranged Weapons
 - Level 5.4 Dodging
 - Level 1.5 Stealth


You had 3 spell levels left.
You didn't know any spells.
Your spell library was empty.

Inventory:

Hand Weapons
 a - a +2 shortbow (weapon)
Armour
 c - a +0 robe (worn)
Potions
 i - a potion of curing
 j - a potion of mutation
 k - a potion of enlightenment

Dungeon Overview and Level Annotations

Branches:
Dungeon (3/15)

Altars:

Shops:
D:2 :

Annotations:
D:3 Ijyb


Message History

You kill the ball python!
You see here a ball python corpse.
You see here the +3 spear of Xintakos {freeze, rN+ Int-4 Dex+9}.
Ijyb the Twisted Goblin comes into view.
She is wielding a +0 club and carrying a wand of iceblast.
Ijyb shouts!
You shoot an arrow. The arrow hits Ijyb.
Ijyb is lightly wounded.
A bat comes into view.
Ijyb zaps a wand.
The mass of ice explodes!
The iceblast engulfs you!
Ouch! That really hurt!
The bat moves out of view.
1348 ||| FLEEEEING.
1349 ||| FLEEEEING.
1350 ||| FLEEEEING.
1351 ||| FLEEEEING.
1352 ||| FLEEEEING.
You start resting.
Ijyb is nearby!
1354 ||| FLEEEEING.
1355 ||| FLEEEEING.
You start resting.
Ijyb is nearby!
1357 ||| FLEEEEING.
You start resting.
Ijyb is nearby!
You shoot an arrow. The arrow closely misses Ijyb.
Ijyb hits you with a +0 club.
You shoot an arrow. The arrow barely misses Ijyb.
Ijyb barely misses you.
You shoot an arrow. The arrow closely misses Ijyb.
Ijyb barely misses you.
You shoot an arrow. The arrow hits Ijyb.
Ijyb is moderately wounded.
Ijyb hits you with a +0 club. x2
You shoot an arrow. The arrow completely misses Ijyb.
Ijyb closely misses you.
You shoot an arrow. The arrow hits Ijyb.
Ijyb is moderately wounded.
Ijyb hits you with a +0 club.
You die...

#### ### ... ..# .. .. .. #.#
#(##.# ...###.###.###.##.#
............##.##.#
.......###..##g.#.#
.......g......#@#.# ##
............%.#...# # ..
..............##..##########..##
..............+.................
#.............###.....##########
....###..)....# #...............
### #.......# ######.#########
#.......# #..## # #########
##..#######


You could see Ijyb.

Vanquished Creatures
  2 orc wizards (D:3)
  2 adders (D:2)
  A dart slug (D:1)
  3 ribbon worms
  3 orcs (D:3)
  5 ball pythons
  2 endoplasms (D:1)
  4 giant cockroaches
  7 goblins
  3 hobgoblins (D:2)
  A quokka (D:1)
  7 bats
  2 frilled lizards
  3 kobolds
  3 rats
48 creatures vanquished.

Notes
Turn   | Place    | Note
-------+----------+-------------------------------------------
     0 | D:1      | qw the Spriggan Hunter began the quest for the Orb.
     0 | D:1      | Reached XP level 1. HP: 10/10 MP: 2/2
     0 | D:1      | 0 ||| qw: Version: 0.3-a-160-g6735b56
     0 | D:1      | 0 ||| qw: Game counter: 4358
     0 | D:1      | 0 ||| qw: Melee chars always use a shield: true
     0 | D:1      | 0 ||| qw: God list: Okawaru
     0 | D:1      | 0 ||| qw: Allow faded altars: false
     0 | D:1      | 0 ||| qw: Do Orc after clearing Dungeon:15 true
     0 | D:1      | 0 ||| qw: Do second Lair branch before Depths: true
     0 | D:1      | 0 ||| qw: Lair rune preference: random
     0 | D:1      | 0 ||| qw: Goals: Normal
     0 | D:1      | 0 ||| PLANNING D:1-11
   106 | D:1      | HP: 2/10 [goblin/+0 club (4)]
   110 | D:1      | Reached skill level 3 in Dodging
   254 | D:1      | HP: 2/10 [ribbon worm (5)]
   256 | D:1      | Reached XP level 2. HP: 4/14 MP: 3/3
   625 | D:1      | Reached XP level 3. HP: 18/18 MP: 4/4
   718 | D:1      | 718 ||| READING 3 scrolls labelled SEKEXO BU ANIM.
   718 | D:1      | 718 ||| IDENTIFYING blue potion
   719 | D:1      | 719 ||| READING 2 scrolls of identify.
   719 | D:1      | 719 ||| IDENTIFYING pink potion
   720 | D:1      | 720 ||| READING scroll of identify.
   720 | D:1      | 720 ||| IDENTIFYING murky coppery potion
   721 | D:1      | 721 ||| READING scroll labelled AQE GERUATH.
   722 | D:1      | 722 ||| READING scroll labelled SETUCOKHER.
   722 | D:1      | 722 ||| ENCHANTING +0 shortbow.
   723 | D:1      | 723 ||| DRINKING 2 green potions.
   724 | D:1      | 724 ||| DROPPING scroll of butterflies.
   725 | D:1      | 725 ||| DROPPING potion of magic.
   726 | D:1      | 726 ||| DROPPING potion of ambrosia.
   928 | D:2      | Found Ontoykk's Book Shop.
  1106 | D:2      | 1106 ||| READING 2 scrolls of identify.
  1106 | D:2      | 1106 ||| IDENTIFYING murky puce potion
  1107 | D:2      | 1107 ||| READING scroll of identify.
  1107 | D:2      | 1107 ||| IDENTIFYING silvery potion
  1108 | D:2      | 1108 ||| READING scroll labelled YKKEQUQYNK.
  1108 | D:2      | 1108 ||| ENCHANTING +1 shortbow.
  1109 | D:2      | 1109 ||| READING scroll labelled JAD IKYMAONAI.
  1110 | D:2      | 1110 ||| READING scroll labelled JADANUGAEF.
  1111 | D:2      | 1111 ||| DROPPING potion of degeneration.
  1190 | D:3      | Reached XP level 4. HP: 22/22 MP: 5/5
  1210 | D:3      | HP: 5/22 [orc wizard/magic dart (4)]
  1329 | D:3      | 1329 ||| READING scroll of enchant weapon.
  1329 | D:3      | 1329 ||| ENCHANTING +1 shortbow.
  1344 | D:3      | Identified the +3 spear of Xintakos {freeze, rN+ Int-4
                  | Dex+9}
  1346 | D:3      | Noticed Ijyb
  1348 | D:3      | 1348 ||| FLEEEEING.
  1349 | D:3      | 1349 ||| FLEEEEING.
  1350 | D:3      | 1350 ||| FLEEEEING.
  1351 | D:3      | 1351 ||| FLEEEEING.
  1352 | D:3      | 1352 ||| FLEEEEING.
  1354 | D:3      | 1354 ||| FLEEEEING.
  1355 | D:3      | 1355 ||| FLEEEEING.
  1357 | D:3      | 1357 ||| FLEEEEING.
  1367 | D:3      | HP: 1/22 [Ijyb/+0 club (5)]
  1369 | D:3      | Slain by Ijyb

Levels and vault maps discovered:
D:1:      dpeg_arrival_tiny_c, layout_basic, minmay_hedge_maze,
          nicolae_wormholes
D:2:      layout_rooms, serial_shops, shop
D:3:      layout_basic, amethyst_overflow_temple_binary, serial_shops, shop,
          uniq_ijyb

Skill      XL: |  1  2  3  4 |
---------------+-------------+-----
Dodging        | 3 4 5 |  5.4
Ranged Weapons | 5 |  5.0
Fighting       | |  1.6
Stealth        | |  1.5

Action                     |  1- 3 |  4- 6 || total
---------------------------+-------+-------++-------
   Fire: Shortbow          |   139 |    31 ||   170
    Use: Scroll            |    10 |     1 ||    11
         Potion            |     1 |       ||     1
 Armour: Robe              |    10 |     9 ||    19
  Dodge: Dodged            |    47 |    24 ||    71

Table legend:
 A = Non-vault XP
 B = Vault XP
 C = Vault XP percentage of total XP
 D = Non-vault monster count
 E = Vault monster count
 F = Vault count percentage of total count
                 A         B        C        D         E       F
            +---------+---------+-------+---------+---------+-------
      Total |     173 |       8 |   4.4 |      46 |       2 |   4.2
            +---------+---------+-------+---------+---------+-------
        D:1 |      39 |       4 |   9.3 |      24 |       1 |   4.0
        D:2 |      43 |       4 |   8.5 |      12 |       1 |   7.7
        D:3 |      91 |       0 |   0.0 |      10 |       0 |   0.0
            +---------+---------+-------+---------+---------+-------
